 Dungeon Crawl Stone Soup version 0.30.0-5-g1a98f26d00 (webtiles) character file.

Game seed: 14099171613057990512

301 jimonade the Slasher (level 6, -2/48 HPs)
             Began as a Demonspawn Monk on May 10, 2023.
             Slain by an ice beast (5 damage)
             ... on level 6 of the Dungeon.
             The game lasted 00:07:10 (2278 turns).

jimonade the Slasher (Demonspawn Monk)              Turns: 2278, Time: 00:07:10

Health: -2/48      AC: 10    Str: 11    XL:     6   Next: 14%
Magic:  0/6        EV: 11    Int: 11    God:
Gold:   177        SH:  5    Dex: 18    Spells: 5/5 levels left

rFire   . . .        a - +0 double sword
rCold   . . .        d - orb {light}
rNeg    . . .        w - +0 ring mail
rPois   +            D - +0 helmet
rElec   .            (no cloak)
rCorr   .            (no gloves)
SInv    .            (no boots)
Will    .....        C - amulet of reflection
Stlth   +            f - +4 ring of protection
HPRegen 0.28/turn    n - ring of poison resistance
MPRegen 0.20/turn

%: reflection, guardian spirit
@: glowing
A: powered by death 1, magic shield, magic regeneration, demonic touch 1
a: no special abilities


You were on level 6 of the Dungeon.
You visited 1 branch of the dungeon, and saw 5 of its levels.

You collected 177 gold pieces.

Inventory:

Hand Weapons
 a - a +0 double sword (weapon)
 j - a +0 spear
 m - a +0 dagger
 E - a +0 sling
Missiles
 h - 10 poisoned darts (quivered)
Armour
 b - a +0 robe
 d - an orb of light (worn)
 v - a +0 scale mail
 w - a +0 ring mail (worn)
 D - a +0 helmet (worn)
Jewellery
 f - a +4 ring of protection (left hand)
 n - a ring of poison resistance (right hand)
 o - a ring of willpower
 C - an amulet of reflection (around neck)
Wands
 u - a wand of roots (8)
Scrolls
 g - 4 scrolls of identify {unknown}
 i - 3 scrolls of magic mapping {unknown}
 k - a scroll of enchant armour {unknown}
 x - a scroll of enchant weapon {unknown}
 y - a scroll of fog {unknown}
 A - a scroll of torment {unknown}
 B - a scroll of teleportation {unknown}
 F - a scroll of noise {unknown}
Potions
 c - 2 potions of ambrosia
 e - a potion of mutation {unknown}
 l - a potion of magic {unknown}
 p - 2 potions of curing {unknown}
 q - a potion of attraction {unknown}
 r - a potion of degeneration {unknown}
 s - a potion of lignification {unknown}
 t - 2 potions of might {unknown}
 z - 2 potions of brilliance {unknown}


   Skills:
 + Level 3.7 Fighting
 * Level 4.4 Long Blades
 - Level 2.9 Polearms
 + Level 0.5 Armour
 + Level 3.2 Dodging


You had 5 spell levels left.
You didn't know any spells.
Your spell library contained the following spells:

 Spells                   Type           Power      Damage    Failure   Level
 Blink                    Tloc           0%         N/A       78%         2
 Cigotuvi's Dreadful Rot  Necr/Pois/Air  0%         N/A       78%         2
 Lesser Beckoning         Tloc           0%         N/A       78%         2
 Gell's Gravitas          Tloc           0%         N/A       95%         3
 Ignite Poison            Fire/Tmut/Pois 0%         N/A       95%         3
 Teleport Other           Tloc           0%         N/A       95%         3
 Leda's Liquefaction      Hex/Erth       0%         N/A       100%        4
 Manifold Assault         Tloc           0%         N/A       100%        4
 Freezing Cloud           Conj/Ice/Air   0%         6-21      100%        5
 Lee's Rapid Deconstruct  Erth           0%         3d4*      100%        5
 Statue Form              Tmut/Erth      0%         N/A       100%        6
 Storm Form               Tmut/Air       0%         N/A       100%        7


Dungeon Overview and Level Annotations

Branches:
Dungeon (6/15)
 Temple: D:4-7

Altars:

Shops:
D:1 (


Innate Abilities, Weirdness & Mutations

You regenerate a little health from kills.
When hurt, damage is shared between your health and your magic reserves.
You regenerate magic rapidly.
Your touch may inflict minor irresistible damage on your foes.


Message History

An ice beast comes into view.
The ice beast hits you but does no damage.
An orc priest comes into view. It is wielding a +0 flail.
There is an open door here.
An orc priest and an orc wizard come into view.
The orc priest shouts! x2; The orc wizard shouts!
The ice beast hits you but does no damage.
The orc priest closely misses you.
You slash the ice beast!
The ice beast is moderately wounded.
The ice beast hits you. The ice beast freezes you!
The orc priest hits you with a +0 flail.
The ice beast hits you. The ice beast freezes you!
* * * LOW HITPOINT WARNING * * *
There is an open door here.
You are too injured to fight recklessly!
You hit the ice beast.
The ice beast is moderately wounded.
The ice beast closely misses you.
The orc priest begins to cast a cantrip, but forgets the words!
The orc wizard mumbles some strange words.
The orc wizard flickers and vanishes for a moment.
The orc priest casts a cantrip, but nothing happens.
The ice beast hits you.
* * * LOW HITPOINT WARNING * * *
The ice beast freezes you!
* * * LOW HITPOINT WARNING * * *
The orc priest looks braver for a moment.
You hit the ice beast.
The ice beast is severely wounded.
The ice beast barely misses you.
You completely miss the ice beast.
The ice beast is severely wounded.
The ice beast barely misses you.
You slash the ice beast!
The ice beast is almost dead.
The ice beast hits you.
* * * LOW HITPOINT WARNING * * *
The ice beast freezes you.
You die...

## ############### #
#..#..#..#....#..## .##~
#....o#...........#....~
#...ooY@..........+....~
###..#####+##...######..
#.. ##..##...###.##..
.... #)..'............
....o #...#............
.......
#...#........[...
.......
+...#............
.#.##..
##.###.####.###.. #.#
#.####.###..


You could see an ice beast, 2 orc priests and an orc wizard (invisible).

Vanquished Creatures
  A centaur (D:6)
  A jelly (D:6)
  Natasha (twice) (D:3)
  Terence (D:2)
  Robin (D:3)
  2 adders
  2 worms (D:2)
  5 dart slugs
  4 endoplasms
  3 giant cockroaches
  8 hobgoblins
  3 jackals (D:2)
  5 quokkas
  8 ball pythons
  3 bats
  5 frilled lizards
  9 goblins
  6 kobolds
  6 rats
75 creatures vanquished.

Notes
Turn   | Place    | Note
-------+----------+-------------------------------------------
     0 | D:1      | jimonade the Demonspawn Monk began the quest for the Orb.
     0 | D:1      | Reached XP level 1. HP: 18/18 MP: 1/1
   134 | D:1      | Found Yske's Weapon Shop.
   261 | D:1      | Gained mutation: You regenerate magic rapidly. [demonic
                  | ancestry]
   261 | D:1      | Reached XP level 2. HP: 19/24 MP: 2/2
   832 | D:2      | Gained mutation: When hurt, damage is shared between your
                  | health and your magic reserves. [demonic ancestry]
   832 | D:2      | Reached XP level 3. HP: 29/29 MP: 3/3
   837 | D:2      | Reached skill level 1 in Long Blades
   988 | D:2      | Reached skill level 2 in Long Blades
  1158 | D:2      | Noticed Terence
  1163 | D:2      | Killed Terence
  1164 | D:2      | Reached XP level 4. HP: 27/35 MP: 4/4
  1720 | D:3      | Reached skill level 3 in Long Blades
  1768 | D:3      | Found a faded altar of an unknown god.
  1914 | D:3      | Noticed Robin
  1918 | D:3      | Noticed Natasha
  1922 | D:3      | Killed Robin
  1924 | D:3      | Gained mutation: Your touch may inflict minor irresistible
                  | damage on your foes. [demonic ancestry]
  1924 | D:3      | Reached XP level 5. HP: 41/41 MP: 5/5
  1929 | D:3      | Killed Natasha
  2008 | D:3      | Noticed Natasha
  2013 | D:3      | Killed Natasha
  2181 | D:4      | You fall into a shaft and drop 2 floors!
  2219 | D:6      | Noticed a centaur
  2225 | D:6      | Killed a centaur
  2226 | D:6      | Reached skill level 4 in Long Blades
  2226 | D:6      | Gained mutation: You regenerate a little health from kills.
                  | [demonic ancestry]
  2226 | D:6      | Reached XP level 6. HP: 43/48 MP: 6/6
  2269 | D:6      | Noticed an ice beast
  2278 | D:6      | Slain by an ice beast

Illustrated notes

Levels and vault maps discovered:
D:1:      dpeg_cavernosity, layout_rooms, serial_shops, shop
D:2:      layout_basic, minivault_26, uniq_terence
D:3:      layout_basic, basic_ecumenical_altar, st_stairs_12, uniq_natasha,
          uniq_robin
D:4:      layout_basic, uniq_grinder, uniq_blork_the_orc, uniq_menkaure
D:6:      layout_gridville, serial_bayou, serial_bayou_lagoon_a,
          serial_bayou_pond_d, serial_bayou_pond_c, serial_bayou_ford_a,
          hangedman_abyss_or_decor_passed

Skill      XL: |  1  2  3  4  5 |
---------------+----------------+-----
Dodging        | 3 |  3.2
Long Blades    | 2 3 4 |  4.4
Fighting       | |  3.7
Polearms       | |  2.9
Armour         | |  0.5

Action                     |  1- 3 |  4- 6 || total
---------------------------+-------+-------++-------
  Melee: Spear             |    29 |       ||    29
         Double sword      |    68 |    76 ||   144
   Stab: Sleeping          |     1 |     1 ||     2
 Armour: Robe              |    18 |     3 ||    21
         Ring mail         |       |    40 ||    40
  Dodge: Dodged            |    59 |    58 ||   117
  Block: Orb               |       |     1 ||     1
